 Dungeon Crawl Stone Soup version 0.28-a0-697-g47f3eba078 (webtiles) character file.

Game seed: 18059257071930470322

1 KoroneIsBestGirl the Chiller (level 1, -5/13 HPs)
             Began as a Barachi Ice Elementalist on Oct 23, 2021.
             Slain by Natasha (9 damage)
             ... on level 2 of the Dungeon.
             The game lasted 00:00:13 (47 turns).

KoroneIsBestGirl the Chiller (BaIE)                   Turns: 47, Time: 00:00:14

Health: -5/13      AC:  2    Str:  9    XL:     1   Next: 20%
Magic:  0/3        EV: 12    Int: 15    God:
Gold:   10         SH:  0    Dex: 12    Spells: 3/4 levels left

rFire   . . .      SeeInvis .   (no weapon)
rCold   . . .      Faith    .   (no shield)
rNeg    . . .      Spirit   .   a - +0 robe
rPois   .          Reflect  .   (no helmet)
rElec   .          Harm     .   (no cloak)
rCorr   .          Rampage  .   (no gloves)
Will    .....                   (no boots)
Stlth   ++........              (no amulet)
HPRegen 0.04/turn               (no ring)
MPRegen 0.08/turn               (no ring)

@: slow
A: amphibious, slowness 1, strong legs 1, +LOS
a: Hop


You were on level 2 of the Dungeon.
You visited 1 branch of the dungeon, and saw 2 of its levels.

You collected 10 gold pieces.

Inventory:

Armour
 a - a +0 robe (worn)


   Skills:
 + Level 2.2 Dodging
 - Level 1.7 Stealth
 + Level 2.2 Spellcasting
 + Level 4.8 Ice Magic


You had 3 spell levels left.
You knew the following spells:

 Your Spells              Type           Power      Damage    Failure   Level
a - Freeze                Ice            64%        1d8       3%          1

Your spell library contained the following spells:

 Spells                   Type           Power      Damage    Failure   Level
 Frozen Ramparts          Ice            32%        1d5       9%          3
 Ozocubu's Armour         Ice            16%        N/A       9%          3
 Hailstorm                Conj/Ice       8%         3d4       63%         4


Dungeon Overview and Level Annotations

Branches:
Dungeon (1/15)

Altars:

Annotations:
D:2 Natasha


Innate Abilities, Weirdness & Mutations

You are amphibious.
You cover ground slowly.
You can hop short distances.
You have an extended range of vision and can be seen from far away.


Message History

You fall into a shaft and drop 1 floor!
The shaft crumbles and collapses.
Found 23 arrows.
A kobold comes into view. It is wielding a +0 club.
You see here 23 arrows.
A kobold is nearby!
A kobold is nearby!
Found 10 gold pieces.
Found 23 stones.
The kobold shouts!
You hear an angry hiss.
The kobold throws a stone.
The stone barely misses you.
Found 9 gold pieces.
Natasha, Servant of Life and Death comes into view.
Natasha howls an incantation.
You feel troubled.
You hit the kobold but do no damage.
A hobgoblin comes into view.
The kobold barely misses you.
You freeze the kobold.
The kobold is heavily wounded.
The hobgoblin shouts!
The kobold misses you.
You freeze the kobold.
The kobold is severely wounded.
Natasha casts a spell.
The kobold hits you with a +0 club.
You freeze the kobold.
You kill the kobold!
You aren't carrying any scrolls.
You aren't carrying any potions.
Natasha stares at you and mumbles some strange words.
The magic dart hits you!
Ouch! That really hurt!
* * * LOW HITPOINT WARNING * * *
The crimson imp blinks!
You see here 23 arrows.
Natasha barely misses you. Natasha claws you!
Ouch! That really hurt!
You die...

#########
#.......# ..
#.......# ....
#.......####..$...
#.@h.g....5.......
#.......###.......
#.......# #.(...
######### ..$. ..
.


You could see Natasha, a crimson imp (summoned) and a hobgoblin.

Vanquished Creatures
  A kobold (D:2)
1 creature vanquished.

Notes
Turn   | Place    | Note
-------+----------+-------------------------------------------
     0 | D:1      | KoroneIsBestGirl the Barachi Ice Elementalist began the
                  | quest for the Orb.
     0 | D:1      | Reached XP level 1. HP: 13/13 MP: 3/3
    30 | D:1      | You fall into a shaft and drop 1 floor!
    35 | D:2      | Noticed Natasha
    40 | D:2      | Noticed a crimson imp
    47 | D:2      | Slain by Natasha

Illustrated notes

Levels and vault maps discovered:
D:1:      scummos_arrival_star, layout_basic, ebering_ecumenical_altar_mist,
          minmay_tree_intersection, minmay_misc_feat_more_columns,
          kennysheep_another_room, minmay_worlds_worst_comb
D:2:      minmay_alternating_diamond, layout_rooms, basic_altar, uniq_natasha

Action                   || total
-------------------------++-------
Melee: Unarmed           ||     1
 Cast: Freeze            ||     3
Dodge: Dodged            ||     4

Table legend: (Time is in decaauts)
 A = Elapsed time spent in this place.
 B = Non-inter-level travel time spent in this place.
 C = Inter-level travel time spent in this place.
 D = Time resting spent in this place.
 E = Time spent auto-exploring this place.
 F = Levels seen in this place.
 G = Mean time per level.
                   A        B        C        D        E       F      G
               +--------+--------+--------+--------+--------+-----+--------+
         Total |     54 |     54 |      0 |      0 |     35 |   2 |   27.0 |
       Dungeon |     54 |     54 |      0 |      0 |     35 |   2 |   27.0 |
               +--------+--------+--------+--------+--------+-----+--------+

Top non-repeatable levels by time:
     D:1: 35 daAuts
     D:2: 19 daAuts
